Map: Catalyst LE

Players

itsRemake

  • Race: Protoss Protoss
  • League: Master
  • Spawn Location: 11:00

Earendil - Winner!

  • Race: Zerg Zerg
  • League: Master
  • Spawn Location: 5:00

VOD

Have the link to the VOD?

Description

Time

  • Played on: March 8, 2018, 3:40 p.m.
  • Length: 13:21
Show
View Real Time Build Order
Export as new Build Order

itsRemake Protoss 

Build Orders: 1 Gate Expand, Oracle Opening 

Get SALT Encoding   

  12  0:00  Probe  
  13  0:12  Probe  
  14  0:18  Pylon  
  14  0:25  Probe (Chrono Boost)  
  15  0:37  Probe (Chrono Boost)  
  15  0:39  Gateway  
  16  0:44  Probe (Chrono Boost)  
  16  0:49  Assimilator  
  17  0:51  Probe  
  18  1:03  Probe  
  19  1:15  Probe  
  20  1:28  Nexus  
  20  1:38  Cybernetics Core  
  20  1:42  Probe  
  21  1:49  Assimilator  
  21  1:54  Probe  
  21  1:58  Pylon  
  22  2:06  Probe (Chrono Boost)  
  23  2:14  Adept (Chrono Boost)  
  23  2:18  Probe (Chrono Boost)  
  23  2:21  Stargate  
  26  2:25  Probe (Chrono Boost)  
  26  2:28  Warp Gate  
  27  2:32  Probe  
  28  2:43  Probe (Chrono Boost)  
  29  2:44  Probe (Chrono Boost)  
  29  2:45  Adept  
  32  2:55  Probe (Chrono Boost)  
  32  2:56  Probe (Chrono Boost)  
  34  2:59  Probe (Chrono Boost)  
  34  3:04  Probe  
  34  3:05  Oracle (Chrono Boost)  
  39  3:11  Probe  
  40  3:16  Probe  
  41  3:23  Probe  
  41  3:24  Pylon  
  41  3:25  Adept  
  42  3:28  Probe  
  42  3:30  Gateway  
  43  3:35  Probe  
  43  3:40  Probe  
  45  3:42  Oracle (Chrono Boost)  
  45  3:47  Probe  
  49  3:54  Nexus  
  49  3:58  Pylon  
  49  4:00  Probe  
  49  4:01  Probe  
  48  4:12  Probe  
  48  4:14  Assimilator  
  48  4:15  Probe  
  48  4:16  Assimilator, Pylon  
  50  4:19  Pylon  
  48  4:24  Probe  
  48  4:27  Robotics Facility, Probe  
  50  4:33  Zealot, Adept  
  50  4:36  Probe  
  55  4:41  Probe  
  55  4:48  Probe  
  56  4:53  Probe, Gateway x2  
  56  4:57  Zealot  
  56  4:58  Sentry  
  56  4:59  Shield Battery  
  61  5:00  Shield Battery, Probe  
  61  5:05  Probe  
  63  5:13  Probe  
  61  5:16  Warp Prism  
  61  5:18  Probe  
  64  5:23  Oracle (Chrono Boost)  
  64  5:25  Probe  
  64  5:26  Pylon  
  64  5:28  Pylon  
  68  5:29  Pylon  
  68  5:30  Probe  
  69  5:37  Probe  
  69  5:40  Twilight Council  
  69  5:51  Probe  
  69  5:53  Zealot x3  
  69  5:54  Zealot  
  69  5:55  Oracle (Chrono Boost)  
  81  5:58  Probe  
  81  6:03  Immortal  
  86  6:15  Zealot x3  
  86  6:16  Stalker  
  92  6:33  Oracle (Chrono Boost)  
  92  6:34  Pylon  
  92  6:35  Pylon  
  92  6:37  Pylon  
  94  6:45  Nexus  
  89  6:56  Immortal (Chrono Boost)  
  89  6:57  Probe  
  92  7:03  Oracle, Probe  
  96  7:11  Zealot x3  
  96  7:12  Zealot  
  104  7:15  Charge  
  104  7:17  Probe  
  104  7:20  Probe  
  108  7:30  Immortal  
  102  7:39  Probe  
  101  7:44  Stalker x2  
  101  7:45  Stalker  
  101  7:46  Probe  
  108  7:53  Probe  
  108  7:58  Probe, Pylon  
  109  8:01  Pylon  
  109  8:05  Probe  
  111  8:10  Probe  
  112  8:16  Zealot x2  
  112  8:17  Probe  
  117  8:21  Probe  
  117  8:22  Probe  
  117  8:25  Assimilator  
  119  8:29  Assimilator, Probe  
  120  8:34  Forge  
  120  8:39  Nexus  
  110  8:50  Probe  
  110  8:52  Robotics Bay  
  110  8:54  Robotics Facility  
  111  8:56  Zealot x2  
  111  8:57  Zealot  
  111  8:58  Probe  
  111  9:02  Probe  
  119  9:03  Probe  
  119  9:04  Protoss Ground Weapons Level 1 (Chrono Boost), Pylon  
  120  9:12  Zealot  
  120  9:15  Immortal (Chrono Boost)  
  126  9:28  Zealot x3  
  132  9:35  Pylon  
  132  9:38  Pylon  
  132  9:39  Pylon, Colossus (Chrono Boost)  
  132  9:43  Extended Thermal Lance  
  138  9:50  Zealot x3  
  144  10:02  Colossus (Chrono Boost)  
  137  10:17  Probe x3  
  137  10:20  Nexus  
  140  10:21  Colossus (Chrono Boost)  
  146  10:32  Zealot  
  146  10:33  Zealot  
  141  10:36  Probe  
  141  10:38  Probe x2  
  130  10:48  Probe  
  130  10:49  Protoss Ground Weapons Level 2 (Chrono Boost)  
  135  10:50  Probe x2  
  135  10:55  Colossus (Chrono Boost)  
  135  11:00  Probe  
  135  11:02  Probe  
  137  11:05  Colossus (Chrono Boost)  
  141  11:19  Probe x3  
  142  11:33  Probe x3  
  142  11:36  Probe  
  146  11:41  Colossus (Chrono Boost)  
  146  11:45  Probe x2  
  146  11:46  Templar Archives  
  154  11:51  Phoenix  
  154  11:54  Assimilator  
  154  11:55  Assimilator  
  154  11:59  Probe  
  160  12:03  Probe x2  
  160  12:08  Stalker x2  
  165  12:09  Stalker  
  165  12:11  Stalker  
  126  12:40  Zealot x2  
  126  12:41  Zealot  
  109  12:45  Probe x3  
  109  12:48  Probe  
  81  13:00  Gateway  
  81  13:01  Gateway  
  81  13:03  Gateway  
  81  13:04  Gateway  
  81  13:05  Probe x2  
  82  13:13  High Templar x2  
Show
View Real Time Build Order
Export as new Build Order

Earendil Zerg - Winner!

Build Orders: Hatch First 

Get SALT Encoding   

  12  0:01  Drone  
  13  0:12  Overlord  
  13  0:17  Drone  
  14  0:31  Drone x2  
  14  0:35  Drone  
  17  0:54  Hatchery  
  17  0:56  Drone  
  17  0:59  Drone  
  17  1:02  Extractor  
  17  1:15  Spawning Pool  
  17  1:17  Drone  
  17  1:21  Drone  
  18  1:28  Drone  
  19  1:41  Drone  
  20  1:55  Overlord  
  20  2:02  Zergling x2  
  20  2:04  Metabolic Boost  
  20  2:05  Queen  
  20  2:07  Queen  
  25  2:11  Drone  
  26  2:16  Evolution Chamber  
  26  2:20  Drone  
  26  2:25  Drone x2  
  28  2:30  Drone  
  28  2:36  Drone  
  30  2:39  Drone  
  30  2:41  Zerg Melee Weapons Level 1  
  31  2:46  Drone  
  32  2:52  Zergling x2  
  33  3:00  Drone x2  
  33  3:17  Extractor  
  31  3:22  Drone  
  31  3:24  Overlord, Zergling x4  
  35  3:31  Overlord  
  35  3:37  Pneumatized Carapace, Hatchery  
  35  3:38  Drone  
  35  3:42  Zergling x2  
  35  3:44  Zergling x8  
  40  3:49  Spore Crawler  
  40  3:52  Drone  
  40  3:56  Drone  
  40  3:57  Spore Crawler  
  40  4:03  Zergling x6  
  40  4:09  Zergling x4  
  45  4:10  Zergling x2  
  45  4:13  Drone  
  45  4:14  Drone  
  47  4:22  Drone  
  48  4:26  Drone x3  
  48  4:27  Drone  
  51  4:32  Overlord  
  51  4:43  Drone  
  51  4:51  Drone x3  
  51  4:52  Drone  
  54  4:55  Drone  
  54  4:56  Drone, Queen  
  54  4:59  Extractor, Lair  
  57  5:00  Extractor, Drone x2  
  55  5:18  Drone x2  
  55  5:19  Drone x6  
  63  5:23  Roach Warren  
  62  5:30  Spore Crawler  
  62  5:31  Drone  
  62  5:32  Drone  
  63  5:46  Zergling x4  
  63  5:49  Zerg Missile Weapons Level 1  
  65  5:52  Evolution Chamber, Overlord x3  
  65  5:55  Drone  
  65  6:05  Glial Reconstitution  
  61  6:26  Roach x2  
  61  6:27  Roach x10  
  61  6:30  Zerg Melee Weapons Level 2  
  61  6:32  Extractor, Drone x2  
  86  6:33  Drone  
  86  6:34  Drone  
  90  6:40  Drone x2  
  90  6:50  Overlord x3  
  77  7:01  Drone  
  77  7:02  Drone  
  77  7:03  Overlord x2  
  77  7:07  Drone  
  77  7:08  Hydralisk Den  
  77  7:13  Queen  
  77  7:14  Drone x2  
  77  7:15  Spore Crawler x2  
  78  7:17  Drone x8  
  83  7:36  Ravager  
  77  7:40  Roach, Hydralisk x5  
  85  7:49  Hydralisk x7  
  91  7:55  Queen, Spore Crawler  
  91  7:56  Spore Crawler  
  89  8:00  Muscular Augments  
  89  8:01  Drone x3  
  89  8:03  Drone x2  
  94  8:10  Drone x2  
  94  8:11  Drone  
  94  8:12  Extractor  
  96  8:15  Extractor  
  96  8:17  Spore Crawler  
  96  8:19  Zerg Missile Weapons Level 2  
  94  8:20  Drone x2  
  94  8:21  Drone  
  94  8:22  Overlord  
  94  8:27  Roach x2  
  101  8:33  Hydralisk x2  
  104  9:00  Hydralisk x2  
  108  9:03  Drone x3  
  108  9:04  Drone x2  
  113  9:12  Grooved Spines  
  113  9:16  Overlord x3, Roach x5  
  113  9:17  Overlord  
  123  9:22  Infestation Pit  
  122  9:29  Hatchery  
  121  9:33  Ravager x4  
  121  9:34  Ravager  
  121  9:35  Roach x3  
  132  9:40  Hydralisk x2  
  132  9:44  Zergling x2  
  132  9:45  Zergling x10  
  142  9:47  Zergling x8  
  146  9:55  Overlord x4  
  133  10:09  Roach x4  
  135  10:19  Hydralisk x2  
  135  10:20  Hydralisk x5  
  147  10:21  Hydralisk  
  147  10:25  Drone x4  
  131  10:48  Drone x2  
  131  10:49  Drone  
  134  10:53  Roach x4  
  134  10:54  Hydralisk x6  
  152  11:03  Hive  
  152  11:04  Roach x5  
  153  11:06  Zergling x4  
  163  11:16  Hydralisk x4  
  162  11:29  Overseer x2  
  162  11:31  Overlord x2  
  163  11:33  Roach x6  
  163  11:37  Zergling x14  
  163  11:39  Drone x2  
  182  11:40  Drone  
  182  11:44  Extractor  
  182  11:45  Extractor  
  181  11:48  Ravager x3  
  181  11:49  Ravager  
  181  11:50  Overlord  
  181  11:51  Zergling x6  
  181  11:52  Zergling x2  
  189  12:06  Drone x3  
  189  12:07  Drone x3  
  195  12:14  Roach x2  
  199  12:25  Hatchery  
  138  12:50  Roach x3  
  138  12:51  Roach x18  
Tags
 
Add a new tag
Caveats
  • Supply blocks, unpowered buildings, or Contaminate may cause inaccurate times.
  • Supply counts are checked every 10 seconds.